 Dungeon Crawl Stone Soup version 0.16-a0-2839-gd16e107 (webtiles) character file.

3868 Johnny the Grave Robber (level 9, -2/71 HPs)
             Began as a Demigod Necromancer on Nov 29, 2014.
             Slain by a killer bee (3 damage)
             ... on level 8 of the Dungeon.
             The game lasted 00:20:08 (8479 turns).

Johnny the Grave Robber (Demigod Necromancer)       Turns: 8479, Time: 00:20:08

Health: -2/71      AC:  7    Str: 11    XL:     9   Next: 67%
Magic:  2/24       EV: 16    Int: 25    God:
Gold:   378        SH:  0    Dex: 16    Spells: 4 memorised, 8 levels left

rFire  . . .     SeeInvis .     r - +3 quarterstaff (chaos)
rCold  . . .     Clarity  .     u - +2 robe {MR+}
rNeg   . . .     SustAb   +     (no shield)
rPois  .         Gourm    .     j - +0 helmet
rElec  .         Spirit   .     y - +0 cloak
rCorr  .         Warding  .     (no gloves)
rMut   .         Stasis   .     l - +0 pair of boots (curse)
MR     +....                    (no amulet)
Stlth  ++........               (no ring)
                                (no ring)

@: lethally poisoned, about to teleport, somewhat resistant to hostile
enchantments, unstealthy
A: sustain abilities
a: no special abilities


You were on level 8 of the Dungeon.
You were very hungry.

You visited 1 branch of the dungeon, and saw 8 of its levels.

You collected 378 gold pieces.

Inventory:

Hand weapons
 r - a +3 quarterstaff of chaos (weapon)
 x - a +2 short sword of draining
 D - a cursed -1 battleaxe
 G - a +0 scythe of venom
Armour
 j - a +0 helmet (worn)
 l - a cursed +0 pair of boots (worn)
 u - a +2 robe of magic resistance (worn)
 y - a +0 cloak (worn)
 H - a +1 robe of fire resistance
Jewellery
 F - a cursed -2 ring of evasion {unknown}
Magical devices
 v - a wand of polymorph (0)
 C - a wand of paralysis (0)
Scrolls
 a - a scroll of amnesia
 g - 6 scrolls of remove curse
 h - 2 scrolls of enchant armour {unknown}
 k - a scroll of fog {unknown}
 m - 2 scrolls of teleportation
 n - 4 scrolls of recharging
 q - 2 scrolls of immolation {unknown}
 t - a scroll of noise {unknown}
 w - a scroll of fear {unknown}
 A - 3 scrolls of magic mapping
Potions
 e - 2 potions of restore abilities
 f - a potion of berserk rage
 p - 2 potions of flight
Books
 b - a book of Necromancy

   Spells                             Type                      Level
   a - Pain                           Necromancy                   1
   b - Animate Skeleton               Necromancy                   1
   c - Vampiric Draining              Necromancy                   3
   d - Regeneration                   Charms/Necromancy            3
   e - Animate Dead                   Necromancy                   4
   f - Control Undead                 Necromancy                   4
Comestibles
 c - 6 bread rations
 d - 3 beef jerkies
 i - 6 meat rations
 B - a slice of pizza


   Skills:
 + Level 4.0 Fighting
 - Level 1.0(3.2) Polearms
 * Level 4.9(5.0) Staves
 * Level 6.0 Dodging
 - Level 1.7 Stealth
 * Level 5.5 Spellcasting
 * Level 3.4 Charms
 * Level 7.0 Necromancy
 * Level 3.3 Evocations


You had 8 spell levels left.
You knew the following spells:

 Your Spells              Type           Power        Failure   Level  Hunger
a - Pain                  Necr           ####         1%          1    None
b - Control Undead        Necr           #####.....   6%          4    ###....
c - Vampiric Draining     Necr           #####.....   1%          3    #......
d - Regeneration          Chrm/Necr      ####......   2%          3    #......


Dungeon Overview and Level Annotations

Branches:
Dungeon (8/15)             Temple (0/1) D:5
   Lair: D:8-11

Shops:
D:4 =


Innate Abilities, Weirdness & Mutations

Your attributes are resistant to harm.


Message History

You feel strangely unstable.
* * * LOW HITPOINT WARNING * * *
You feel sick. The killer bee barely misses you. The killer bee misses you.
Casting: Vampiric Draining
Confirm with . or Enter, or press ? or * to list all spells.
Aiming: Vampiric Draining
Press: ? - help, Shift-Dir - straight line, f/p - killer bee
Aim: a killer bee (severely wounded)
You kill the killer bee!
You feel life coursing into your body.
* * * LOW HITPOINT WARNING * * *
You feel sick. The killer bee barely misses you.
Evoke which item? (* to show all) (? for menu, Esc to quit)
Zapping:
v - a wand of polymorph {zapped: 10} (will waste charges)
Press: ? - help, Shift-Dir - straight line, f - killer bee
Aim: a killer bee The killer bee resists with significant effort.
Evoking this partially-identified wand wasted a few charges.
The killer bee closely misses you. The killer bee stings you.
You die...

..♣..##.#
....# #†#
♣..# #.#
.# #.#
#.# #.#
######.#
#.y.[..#
#@######
#.#
#####.#
#.....#
#.....#
#.....###
##......#
#......#
#......#


You could see a killer bee.

Vanquished Creatures
  Pikel (D:7)
  A centaur skeleton (D:7)
  The ghost of wvc the Cutter, an experienced DEFi (D:4)
  A queen bee (D:8)
  An orc warrior (D:7)
  Menkaure (D:7)
  2 ice beasts (D:7)
  A slave (D:7)
  A phantom (D:6)
  A black bear (D:7)
  3 ogres
  A yellow wasp (D:8)
  A centaur (D:7)
  Sigmund (D:7)
  Duvessa (D:6)
  2 giant frogs
  4 killer bees (D:8)
  Dowan (D:6)
  A giant frog zombie (D:5)
  A crimson imp (D:5)
  A goliath beetle (D:6)
  Crazy Yiuf (D:2)
  A centaur zombie (D:7)
  3 worker ants
  A hound (D:5)
  10 orc wizards
  An iguana (D:5)
  Natasha (twice) (D:3)
  4 orc priests
  A giant frog skeleton (D:4)
  Jessica (D:3)
  A hound zombie (D:5)
  A hound skeleton (D:7)
  Terence (D:2)
  Robin (D:2)
  11 adders
  2 giant mites
  3 worms
  4 giant geckos
  35 orcs
  12 hobgoblins
  7 jackals
  18 kobolds
  2 oozes
  5 quokkas
  A ball python (D:2)
  15 bats
  3 giant cockroaches
  A giant gecko skeleton (D:4)
  A giant gecko zombie (D:5)
  5 giant newts
  26 goblins
  A jackal skeleton (D:6)
  A jackal zombie (D:5)
  A quokka skeleton (D:7)
  A rat (shapeshifter) (D:3)
  10 rats
  A ballistomycete (D:7)
  A plant (D:2)
224 creatures vanquished.

Vanquished Creatures (collateral kills)
  A worm (D:4)
  A goblin (D:4)
  A kobold (D:3)
3 creatures vanquished.

Vanquished Creatures (others)
  A slave (D:7)
  A giant frog skeleton (D:7)
  A shadow imp (D:7)
  An adder zombie (D:3)
  A bat zombie (D:4)
  A giant spore (D:7)
6 creatures vanquished.

Grand Total: 233 creatures vanquished

Notes
Turn   | Place    | Note
--------------------------------------------------------------
     0 | D:1      | Johnny, the Demigod Necromancer, began the quest for the Orb.
     0 | D:1      | Reached XP level 1. HP: 14/14 MP: 3/3
   744 | D:1      | Reached XP level 2. HP: 20/22 MP: 4/4
  1232 | D:1      | Reached skill level 1 in Fighting
  1335 | D:2      | Noticed Robin
  1349 | D:1      | HP: 1/23 [bat (1)]
  1362 | D:1      | Reached XP level 3. HP: 7/28 MP: 1/8
  1529 | D:1      | Learned a level 3 spell: Vampiric Draining
  2108 | D:2      | Killed Robin
  2108 | D:2      | Reached skill level 4 in Necromancy
  2350 | D:2      | Noticed Crazy Yiuf
  2357 | D:2      | Killed Crazy Yiuf
  2357 | D:2      | Reached skill level 1 in Polearms
  2357 | D:2      | Reached XP level 4. HP: 20/35 MP: 0/11
  2754 | D:2      | Noticed Terence
  2763 | D:2      | Killed Terence
  3051 | D:2      | Found a shimmering altar of Xom.
  3145 | D:3      | Reached XP level 5. HP: 28/41 MP: 0/12
  3306 | D:3      | Reached skill level 1 in Staves
  3833 | D:3      | Noticed Natasha
  3846 | D:3      | Killed Natasha
  3924 | D:3      | Noticed Natasha
  3926 | D:3      | Killed Natasha
  4187 | D:3      | Noticed Jessica
  4199 | D:3      | Reached XP level 6. HP: 43/48 MP: 11/16
  4210 | D:3      | Killed Jessica
  4743 | D:4      | Reached skill level 5 in Necromancy
  4798 | D:4      | Found a white marble altar of Elyvilon.
  4897 | D:4      | Reached XP level 7. HP: 56/56 MP: 19/19
  4968 | D:4      | Noticed wvc's ghost (experienced DEFi)
  4983 | D:4      | Killed wvc's ghost
  5014 | D:4      | Found Pexkaf's Jewellery Shop.
  5299 | D:5      | Entered Level 5 of the Dungeon
  5303 | D:5      | Found a burning altar of Makhleb.
  5304 | D:5      | Noticed a balrug
  5349 | D:5      | Found a shadowy altar of Dithmenos.
  5678 | D:5      | Found a staircase to the Ecumenical Temple.
  6178 | D:6      | Reached XP level 8. HP: 23/63 MP: 11/21
  6355 | D:6      | Found a shattered altar of Ashenzari.
  6357 | D:6      | Found a radiant altar of Vehumet.
  6358 | D:6      | Found a sparkling altar of Nemelex Xobeh.
  6360 | D:6      | Found a snail-covered altar of Cheibriados.
  6559 | D:6      | Reached skill level 6 in Necromancy
  6734 | D:6      | Learned a level 4 spell: Control Undead
  6738 | D:6      | Learned a level 3 spell: Regeneration
  6811 | D:7      | Noticed Duvessa
  6811 | D:7      | Noticed Dowan
  7215 | D:6      | Killed Duvessa
  7332 | D:6      | Killed Dowan
  7399 | D:7      | Noticed Pikel
  7418 | D:7      | Paralysed by Pikel for 5 turns
  7423 | D:7      | Killed Pikel
  7423 | D:7      | Reached skill level 5 in Dodging
  7423 | D:7      | Reached skill level 1 in Charms
  7423 | D:7      | Reached skill level 1 in Evocations
  7615 | D:7      | Noticed Menkaure
  7630 | D:7      | Killed Menkaure
  7738 | D:7      | Noticed a centaur skeleton
  7747 | D:7      | Reached XP level 9. HP: 63/70 MP: 23/23
  7757 | D:7      | Killed a centaur skeleton
  7757 | D:7      | Reached skill level 5 in Spellcasting
  7893 | D:7      | Noticed Sigmund
  7902 | D:7      | Killed Sigmund
  8006 | D:7      | Found a deep blue altar of Sif Muna.
  8452 | D:8      | Reached skill level 7 in Necromancy
  8474 | D:8      | HP: 2/71 [killer bee (6)]
  8479 | D:8      | Slain by a killer bee

Action                   |  1- 3 |  4- 6 |  7- 9 || total
-------------------------+-------+-------+-------++-------
Melee: Spear             |    54 |       |       ||    54
       Quarterstaff      |       |   260 |   280 ||   540
       Unarmed           |       |       |     1 ||     1
       Scythe            |       |       |    17 ||    17
 Cast: Pain              |    57 |    15 |    39 ||   111
       Vampiric Draining |     5 |    18 |    43 ||    66
Evoke: Wand              |       |       |     5 ||     5
  Use: Potion            |     2 |     1 |     3 ||     6
       Scroll            |     2 |     5 |     6 ||    13
 Stab: Sleeping          |     1 |     5 |     3 ||     9
       Paralysed         |       |     4 |     5 ||     9
       Petrifying        |       |       |     1 ||     1
  Eat: Chunk             |     6 |    10 |     9 ||    25
       Pizza             |       |       |     1 ||     1
       Beef jerky        |       |       |     1 ||     1
